 Dungeon Crawl Stone Soup version bcrawl-1.20 (webtiles) character file.

Game seed: 1497002984425928871

150 Mrkan the Skirmisher (level 5, -4/57 HPs)
             Began as an Ogre Fighter on Jan 21, 2020.
             Was an Initiate of Fedhas.
             Slain by a sky beast (5 damage)
             ... on level 3 of the Dungeon.
             The game lasted 00:02:52 (3259 turns).

Mrkan the Skirmisher (Ogre Fighter)                 Turns: 3259, Time: 00:02:52

Health: -4/57      AC:  3    Str: 20    XL:     5   Next: 32%
Magic:  5/5        EV:  8    Int:  9    God:    Fedhas [......]
Gold:   186        SH:  8    Dex:  9    Spells: 4/4 levels left

rFire    . . .     SeeInvis .   a - +0 flail
rCold    . . .     Gourm    .   c - +0 shield
rNeg     . . .     Faith    .   b - +0 robe
rPois    .         Spirit   .   (helmet restricted)
rElec    .         Reflect  .   (no cloak)
rCorr    .         Harm     .   (gloves unavailable)
MR       .....                  (boots unavailable)
Stlth    +.........             (no amulet)
HPRegen  0.19/turn              (no ring)
MPRegen  0.09/turn              (no ring)

@: no status effects
A: large, unfitting armour, tough skin 1
a: Fungal Bloom, Renounce Religion


You were on level 3 of the Dungeon.
You worshipped Fedhas.
Fedhas was noncommittal.
You were hungry.

You visited 1 branch of the dungeon, and saw 3 of its levels.

You collected 186 gold pieces.

Inventory:

Hand Weapons
 a - a +0 flail (weapon)
Armour
 b - a +0 robe (worn)
 c - a +0 shield (worn)
Jewellery
 k - a +2 ring of intelligence {unknown}
Scrolls
 f - a scroll of fear {unknown}
 g - a scroll of amnesia {unknown}
 h - a scroll of enchant armour {unknown}
 i - 6 scrolls of identify {unknown}
 j - 2 scrolls of teleportation {unknown}
 o - 2 scrolls of remove curse {unknown}
Potions
 l - a potion of heal wounds {unknown}
 m - a potion of lignification {unknown}
 n - a potion of degeneration {unknown}
 p - a potion of agility {unknown}
 r - 2 potions of brilliance {unknown}
Comestibles
 e - 4 rations {!d}


   Skills:
 + Level 5.0 Fighting
 * Level 4.4 Maces & Flails
 + Level 1.5 Armour
 + Level 3.3 Dodging
 - Level 2.6 Shields


You had 4 spell levels left.
You didn't know any spells.
Your spell library was empty.

Dungeon Overview and Level Annotations

Branches:
Dungeon (3/12)

Altars:
Fedhas
Gozag
Qazlal

Annotations:
D:3 1 runed translucent door, JackS81's ghost, amateur DsCK


Innate Abilities, Weirdness & Mutations

You are too large for most types of armour.
You have tough skin. (AC +1)


Message History

You block the sky beast's attack.
You closely miss the sky beast.
The sky beast is heavily wounded.
You block the sky beast's attack. x2
You closely miss the sky beast.
The sky beast is heavily wounded.
The sky beast hits you.
* * * LOW HITPOINT WARNING * * *
The sky beast shocks you.
* * * LOW HITPOINT WARNING * * *
You closely miss the sky beast.
The sky beast is heavily wounded.
You block the sky beast's attack.
You closely miss the sky beast.
The sky beast is heavily wounded.
The sky beast hits you.
* * * LOW HITPOINT WARNING * * *
The sky beast shocks you.
You die...
Fedhas appreciates your contribution to the ecosystem.

#..# #.#.....##
#..#######.###..##
#..............##
#######.(.############
..........#
########..# #..# #..#
#@.# #.Y.......
#..####### #..# ....
....# #..## #..


You could see a sky beast.

Vanquished Creatures
  A centaur skeleton (D:3)
  A hound skeleton (D:3)
  3 gnolls (D:3)
  2 adders (D:2)
  An ooze (D:1)
  4 worms
  2 dart slugs
  A leopard gecko (D:2)
  A ball python (D:2)
  A giant cockroach (D:1)
  3 goblins
  9 hobgoblins
  A jackal (D:1)
  A quokka (D:3)
  3 bats
  7 kobolds
  A rat (D:1)
42 creatures vanquished.

Notes
Turn   | Place    | Note
-------+----------+-------------------------------------------
     0 | D:1      | Mrkan the Ogre Fighter began the quest for the Orb.
     0 | D:1      | Reached XP level 1. HP: 24/24 MP: 1/1
   195 | D:1      | Reached XP level 2. HP: 26/32 MP: 2/2
   851 | D:1      | Reached XP level 3. HP: 18/40 MP: 3/3
  1540 | D:2      | Found a blossoming altar of Fedhas.
  1540 | D:2      | Found a stormy altar of Qazlal.
  1560 | D:2      | Became a worshipper of Fedhas Madash
  1616 | D:2      | Reached skill level 1 in Armour
  2213 | D:2      | Reached XP level 4. HP: 46/49 MP: 4/4
  2742 | D:3      | Reached XP level 5. HP: 33/55 MP: 5/5
  3152 | D:3      | Found an opulent altar of Gozag.
  3189 | D:3      | Found a runed translucent door.
  3189 | D:3      | Noticed JackS81's ghost (amateur DsCK)
  3219 | D:3      | Reached skill level 5 in Fighting
  3241 | D:3      | Noticed a sky beast
  3259 | D:3      | HP: 1/57 [sky beast (3)]
  3259 | D:3      | Slain by a sky beast

Skill      XL: |  1  2  3  4  5 |
---------------+----------------+-----
Maces & Flails | 3 4 |  4.4
Dodging        | 3 |  3.3
Armour         | 1 |  1.5
Fighting       | 5 |  5.0
Shields        | |  2.6

Action                   |  1- 3 |  4- 6 || total
-------------------------+-------+-------++-------
Melee: Flail             |   130 |    59 ||   189
  Use: Potion            |       |     1 ||     1
 Stab: Sleeping          |       |     1 ||     1
  Eat: Chunk             |     4 |     3 ||     7
Armor: Robe              |    39 |    11 ||    50
Dodge: Dodged            |    54 |    20 ||    74
Block: Shield            |    52 |    18 ||    70
